 Dungeon Crawl Stone Soup version 0.18.1-47-g9310371 (webtiles) character file.

324 qqqbard the Basher (level 6, -4/51 HPs)
             Began as a Minotaur Fighter on June 14, 2016.
             Killed from afar by an orc wizard (7 damage)
             ... with a magic dart
             ... on level 4 of the Dungeon.
             The game lasted 00:05:14 (1962 turns).

qqqbard the Basher (Minotaur Fighter)               Turns: 1962, Time: 00:05:15

Health: -4/51      AC:  6    Str: 28    XL:     6   Next: 23%
Magic:  5/5        EV: 10    Int:  5    God:
Gold:   188        SH:  5    Dex: 13    Spells: 0 memorised, 5 levels left

rFire  . . .     SeeInvis .     a - +0 flail
rCold  . . .     Gourm    .     b - +0 scale mail
rNeg   . . .     Faith    .     k - +0 buckler
rPois  .         Spirit   .     (helmet restricted)
rElec  .         Dismiss  .     (no cloak)
rCorr  .         Reflect  .     (no gloves)
SustAt .         Harm     .     (no boots)
MR     .....                    (no amulet)
Stlth  ..........               (no ring)
                                o - +4 ring of dexterity

@: mighty, not resistant to hostile enchantments, extremely unstealthy
A: retaliatory headbutt, horns 2
a: no special abilities


You were on level 4 of the Dungeon.
You were near starving.

You visited 1 branch of the dungeon, and saw 4 of its levels.

You collected 188 gold pieces.

Inventory:

Hand Weapons
 a - a +0 flail (weapon)
Armour
 b - a +0 scale mail (worn)
 c - a +0 shield
 k - a +0 buckler (worn)
 s - a +0 large shield
Jewellery
 o - a +4 ring of dexterity (left hand)
 w - an uncursed ring of wizardry
Wands
 r - a wand of flame (37/48)
Scrolls
 e - a scroll of magic mapping
 i - 2 scrolls of remove curse
 j - a scroll of blinking {unknown}
 m - a scroll of teleportation {unknown}
 q - a scroll of recharging {unknown}
Potions
 t - a potion of cancellation {unknown}
 u - a potion of resistance {unknown}
 v - a potion of ambrosia {unknown}
 x - a potion of degeneration {unknown}
Comestibles
 f - 5 bread rations
 g - 8 fruits
 l - 3 meat rations
 p - a beef jerky


   Skills:
 - Level 3.6 Fighting
 + Level 8.0 Maces & Flails
 - Level 3.6 Armour
 - Level 3.6 Shields


You had 5 spell levels left.
You didn't know any spells.

Dungeon Overview and Level Annotations

Branches:
Dungeon (4/15)
 Temple: D:4-7

Altars:

Shops:
D:4 ?


Innate Abilities, Weirdness & Mutations

You reflexively headbutt those who attack you in melee.
You have a pair of horns on your head.


Message History

You sock the orc wizard! Your headbutt misses the orc wizard.
The orc wizard is almost dead.
You hear a shout!
The orc wizard gestures at you while chanting.
The magic dart hits you!
The orc priest calls upon Beogh to heal the orc wizard.
The orc wizard is healed somewhat.
You hear a shout!
You hear a bark!
You are near starving!
You hit the orc wizard.
The orc wizard is almost dead.
You block the orc wizard's attack.
The orc priest invokes the aid of Beogh against you.
Beogh smites you!
* * * LOW HITPOINT WARNING * * *
Drink which item? (? for menu, Esc to quit)
You feel very mighty all of a sudden.
The orc wizard gestures at you while chanting.
The magic dart hits you!
You die...

,≈≈***,*,,,,,,,...##*,,,,,,,,,,,,
,*,*≈**#..,,,.,....##.,,,,,,,,,**
,,,,,,,,...##.,...<...,,,*,*****
*⌠*,**≈#...#..*S......**,,,,*****
*⌠****,#.#.#.##.o.....,,,,,,,,,,,
*,*,≈*,#.#.#.#o.......****,,,,,,,
,,*,≈*⌠#.#...#...o....***,,,,,,,,
,,,,**,##?..5o.###....,,,,,,,,,,,
****,≈##.....ho#@#,,,.,,,,,,,,,**
,*,,*##......$.#o##******,,,,***
*,≈,##..........oo# *,,,,***
#####............## **,,,,,**
..#>.............# *****,,,
.#..............## ****
...#..........$.#
.####...........# <#
#####.....###


You could see 2 orc priests and an orc wizard.

Vanquished Creatures
  The ghost of qqqbard the Twirler, an amateur CeGl of Okawaru (D:3)
  Natasha (twice) (D:3 D:4)
  A worker ant (D:4)
  5 adders
  An ooze (D:1)
  An adder skeleton (D:4)
  A worm (D:3)
  2 dart slugs (D:1)
  4 giant geckos
  An orc (D:4)
  6 bats
  3 giant cockroaches
  6 hobgoblins
  8 jackals
  A quokka (D:2)
  5 goblins
  6 kobolds
  9 rats
63 creatures vanquished.

Notes
Turn   | Place    | Note
--------------------------------------------------------------
     0 | D:1      | qqqbard the Minotaur Fighter began the quest for the Orb.
     0 | D:1      | Reached XP level 1. HP: 19/19 MP: 0/0
   101 | D:1      | Reached skill level 3 in Maces & Flails
   163 | D:1      | Reached XP level 2. HP: 26/26 MP: 1/1
   276 | D:1      | Reached skill level 4 in Maces & Flails
   331 | D:1      | Reached XP level 3. HP: 25/31 MP: 2/2
   651 | D:2      | Reached skill level 5 in Maces & Flails
   894 | D:2      | Reached XP level 4. HP: 37/39 MP: 3/3
  1167 | D:3      | Noticed Natasha
  1171 | D:3      | Killed Natasha
  1171 | D:3      | Reached skill level 6 in Maces & Flails
  1193 | D:3      | Noticed qqqbard's ghost (amateur CeGl)
  1210 | D:3      | Killed qqqbard's ghost
  1210 | D:3      | Reached skill level 7 in Maces & Flails
  1210 | D:3      | Reached XP level 5. HP: 8/45 MP: 4/4
  1498 | D:3      | Reached XP level 6. HP: 51/51 MP: 5/5
  1937 | D:4      | Noticed Natasha
  1944 | D:4      | Found Vit Kinn's Magic Scroll Boutique.
  1957 | D:4      | Killed Natasha
  1957 | D:4      | Reached skill level 8 in Maces & Flails
  1962 | D:4      | Killed from afar by an orc wizard

Skill      XL: |  1  2  3  4  5  6 |
---------------+-------------------+-----
Maces & Flails | 3 4 5 7 8 |  8.0
Fighting       | |  3.6
Armour         | |  3.6
Shields        | |  3.6

Action                   |  1- 3 |  4- 6 || total
-------------------------+-------+-------++-------
Melee: Flail             |    90 |    79 ||   169
       Headbutt          |     7 |    18 ||    25
  Use: Scroll            |       |     5 ||     5
       Potion            |       |     3 ||     3
  Eat: Chunk             |       |     2 ||     2
Armor: Scale mail        |    60 |    26 ||    86
Dodge: Dodged            |    40 |    32 ||    72
Block: Shield            |    36 |       ||    36
       Buckler           |     6 |    15 ||    21
